 Dungeon Crawl Stone Soup version 0.30-a0-772-g5528072125 (webtiles) character file.

Game seed: 1186030769258184332

162 kae the Digger (level 5, 0/28 HPs)
             Began as a Gargoyle Earth Elementalist on Feb 12, 2023.
             Slain by Dowan
             ... wielding a +0 dagger
              (3 damage)
             ... on level 4 of the Dungeon.
             The game lasted 00:03:39 (2968 turns).

kae the Digger (Gargoyle Earth Elementalist)        Turns: 2968, Time: 00:03:40

Health: 0/28       AC:  6    Str: 11    XL:     5   Next: 43%
Magic:  1/9        EV: 11    Int: 18    God:
Gold:   199        SH:  0    Dex: 10    Spells: 4/10 levels left

rFire   . . .      SeeInvis .    z - +3 whip (venom)
rCold   . . .      Faith    .    (no shield)
rNeg    + . .      Spirit   .    a - +0 robe
rPois   ∞          Reflect  .    (no helmet)
rElec   +          Harm     .    (no cloak)
rCorr   .          Rampage  .    (no gloves)
Will    +....                    (no boots)
Stlth   ++                       g - amulet of regeneration
HPRegen 1.04/turn                m - ring of willpower
MPRegen 0.11/turn                (no ring)

@: no status effects
A: sickness immunity, AC +4, negative energy resistance 1, electricity
resistance, torment resistance 1, petrification resistance
a: no special abilities


You were on level 4 of the Dungeon.
You visited 1 branch of the dungeon, and saw 4 of its levels.

You collected 199 gold pieces.


Innate Abilities, Weirdness & Mutations

You are immune to sickness and miasma.
Your stone body is resilient. (AC +4)
You are immune to poison.
You resist negative energy. (rN+)
You are resistant to electric shocks. (rElec)
You are resistant to unholy torment.
You are immune to petrification.


   Skills:
 - Level 1.5 Dodging
 - Level 2.1 Stealth
 + Level 3.3 Spellcasting
 * Level 2.8 Conjurations
 - Level 0.7 Transmutations
 + Level 5.1 Earth Magic


You had 4 spell levels left.
You knew the following spells:

 Your Spells              Type           Power      Damage    Failure   Level
a - Sandblast             Erth           42%        2d11      1%          1
b - Stone Arrow           Conj/Erth      34%        3d9       9%          3
c - Passwall              Tmut/Erth      10%        N/A       7%          2

Your spell library contained the following spells:

 Spells                   Type           Power      Damage    Failure   Level
 Petrify                  Tmut/Erth      13%        N/A       43%         4

Inventory:

Hand Weapons
 w - a +0 war axe
   (You took it off an orc on level 2 of the Dungeon)
 z - a +3 whip of venom (weapon)
   (You took it off a gnoll on level 3 of the Dungeon)
Missiles
 f - 6 javelins
 j - 3 boomerangs
 l - 4 stones
Armour
 a - a +0 robe (worn)
 v - the +5 chain mail of the Sparrow {rF+++ Dex-2}
   (You found it on level 2 of the Dungeon)

   Dex:       It affects your dexterity (-2).
   rF:        It renders you almost immune to fire.
Magical Staves
 n - a staff of poison {!a}
   (You found it on level 2 of the Dungeon)
Jewellery
 g - an amulet of regeneration (around neck)
   (You found it on level 2 of the Dungeon)
 m - a ring of willpower (left hand)
   (You found it on level 1 of the Dungeon)
Wands
 u - a wand of digging (2)
   (You found it on level 2 of the Dungeon)
Scrolls
 c - a scroll of fear
 e - a scroll of noise {unknown}
 h - a scroll of torment {!r}
 p - a scroll of silence {!r}
 s - a scroll of teleportation {@r4}
 t - a scroll of enchant weapon
Potions
 b - a potion of magic
 d - 2 potions of brilliance
 i - 3 potions of mutation {!q}
 q - a potion of lignification {!q}
 x - a potion of curing {@q1}

Dungeon Overview and Level Annotations

Branches:
Dungeon (4/15) Zot: 20994
 Temple: D:4-7

Altars:
The Shining One

Shops:
D:2 =

Annotations:
D:4 Dowan, Duvessa

#..#.#.#..# #####
#....#.....#.#
.....######.#..#...#.#.#
.....................#.#
................###.ee.
.....)..........# ..
............†...# .##
...............e####..#..#
..##............@eg......#
#.........)...####...##
##.............# ..#
+..............##### .>#
..###########........# ##
..+ .......'........# ..#
########...[....# ..#
#........# ..#
######.....#..##


You could see Duvessa, Dowan and a hobgoblin.


Message History

There is an open door here.
Duvessa, Sister of Dowan comes into view.
She is wielding a +0 short sword and wearing a +1 leather armour of fire resistance.
Found a stone staircase leading down.
Duvessa shouts!
You hear a shout! x2
Dowan, Brother of Duvessa comes into view.
He is wielding a +0 dagger.
Unknown command.
Casting: Sandblast (safe; 1% risk of failure)
Confirm with . or Enter, or press ? or * to list all spells.
Aiming: Sandblast (safe; 1% risk of failure)
Press: ? - help, Shift-Dir - straight line, f - Duvessa
Aim: Duvessa, wielding a +0 short sword and wearing a +1 leather armour of fire resistance (85% to hit)
You miscast Sandblast.
You are very lightly contaminated with residual magic.
Nothing appears to happen. 😎 MP[-1]
You lost 1 mp, and now have 8/9 mp.
Casting: Sandblast (safe; 1% risk of failure)
Confirm with . or Enter, or press ? or * to list all spells.
Aiming: Sandblast (safe; 1% risk of failure)
Press: ? - help, Shift-Dir - straight line, f/p - Duvessa
Aim: Duvessa, wielding a +0 short sword and wearing a +1 leather armour of fire resistance (85% to hit)
The blast of sand hits Duvessa!
Dowan casts a spell.
Dowan blinks! 😎 MP[-1]
You lost 1 mp, and now have 7/9 mp.
Casting: Sandblast (safe; 1% risk of failure)
Confirm with . or Enter, or press ? or * to list all spells.
Aiming: Sandblast (safe; 1% risk of failure)
Press: ? - help, Shift-Dir - straight line, f/p - Duvessa
Aim: Duvessa, wielding a +0 short sword and wearing a +1 leather armour of fire resistance (lightly wounded, 85% to hit)
The blast of sand hits Duvessa!
A hobgoblin comes into view.
Duvessa hits you with a +0 short sword. 😕 HP[-5] MP[-1]
You take 5 damage, and now have 23/28 hp.
You lost 1 mp, and now have 6/9 mp.
Casting: Sandblast (safe; 1% risk of failure)
Confirm with . or Enter, or press ? or * to list all spells.
Aiming: Sandblast (safe; 1% risk of failure)
Press: ? - help, Shift-Dir - straight line, f/p - Duvessa
Aim: Duvessa, wielding a +0 short sword and wearing a +1 leather armour of fire resistance (heavily wounded, 85% to hit)
The blast of sand hits Duvessa!
Duvessa hits you with a +0 short sword. 😕 MP[-1]
You lost 1 mp, and now have 5/9 mp.
Unknown command.
Casting: Sandblast (safe; 1% risk of failure)
Confirm with . or Enter, or press ? or * to list all spells.
Aiming: Sandblast (safe; 1% risk of failure)
Press: ? - help, Shift-Dir - straight line, f/p - Duvessa
Aim: Duvessa, wielding a +0 short sword and wearing a +1 leather armour of fire resistance (severely wounded, 85% to hit)
The blast of sand hits Duvessa.
Duvessa says, "My weaknesses are his strengths!"
Duvessa hits you with a +0 short sword. Duvessa closely misses you.
Your magical contamination has completely faded away. 😕 MP[-1]
You lost 1 mp, and now have 4/9 mp.
Casting: Sandblast (safe; 1% risk of failure)
Confirm with . or Enter, or press ? or * to list all spells.
Aiming: Sandblast (safe; 1% risk of failure)
Press: ? - help, Shift-Dir - straight line, f/p - Duvessa
Aim: Duvessa, wielding a +0 short sword and wearing a +1 leather armour of fire resistance (severely wounded, 85% to hit)
The blast of sand hits Duvessa but does no damage.
Duvessa misses you. 😕 HP[+1] MP[-1]
You lost 1 mp, and now have 3/9 mp.
Unknown command.
Casting: Sandblast (safe; 1% risk of failure)
Confirm with . or Enter, or press ? or * to list all spells.
Aiming: Sandblast (safe; 1% risk of failure)
Press: ? - help, Shift-Dir - straight line, f/p - Duvessa
Aim: Duvessa, wielding a +0 short sword and wearing a +1 leather armour of fire resistance (severely wounded, 85% to hit)
The blast of sand misses Duvessa.
Duvessa hits you with a +0 short sword. x2 😮 HP[-3]
You take 3 damage, and now have 21/28 hp.
Unknown command.
Casting: Sandblast (safe; 1% risk of failure)
Confirm with . or Enter, or press ? or * to list all spells.
Aiming: Sandblast (safe; 1% risk of failure)
Press: ? - help, Shift-Dir - straight line, f/p - Duvessa
Aim: Duvessa, wielding a +0 short sword and wearing a +1 leather armour of fire resistance (severely wounded, 85% to hit)
The blast of sand hits Duvessa!
Duvessa barely misses you.
Dowan hits you with a +0 dagger. 😮 HP[-5] MP[-1]
You take 5 damage, and now have 16/28 hp.
You lost 1 mp, and now have 2/9 mp.
Unknown command.
Casting: Sandblast (safe; 1% risk of failure)
Confirm with . or Enter, or press ? or * to list all spells.
Aiming: Sandblast (safe; 1% risk of failure)
Press: ? - help, Shift-Dir - straight line, f/p - Duvessa
Aim: Duvessa, wielding a +0 short sword and wearing a +1 leather armour of fire resistance (almost dead, 85% to hit)
The blast of sand misses Duvessa.
Duvessa hits you with a +0 short sword!
* * * LOW HITPOINT WARNING * * *
Dowan hits you with a +0 dagger.
* * * LOW HITPOINT WARNING * * *
Duvessa hits you with a +0 short sword.
* * * LOW HITPOINT WARNING * * *
Dowan hits you with a +0 dagger.
You die...

Skill      XL: |  1  2  3  4 |
---------------+-------------+-----
Earth Magic    | 4 5 |  5.1
Spellcasting   | 3 |  3.3
Conjurations   | 1 2 |  2.8
Dodging        | |  1.5
Stealth        | |  2.1
Transmutations | |  0.7

Action                     |  1- 3 |  4- 6 || total
---------------------------+-------+-------++-------
  Melee: Unarmed           |       |    11 ||    11
   Cast: Sandblast         |    35 |    39 ||    74
    Use: Potion            |       |     1 ||     1
         Scroll            |       |    14 ||    14
 Armour: Robe              |     5 |     6 ||    11
  Dodge: Dodged            |    11 |    21 ||    32

Levels and vault maps discovered:
D:1:      nzn_arrival_water_spiral, layout_loops_corners,
          minmay_shallow_snake_nest
D:2:      layout_loops_corners, serial_shops, nicolae_shop_trees
D:3:      layout_loops_cross, serial_glass, glass_columns_a, glass_columns_b,
          glass_columns_b
D:4:      layout_basic, tso_oasis_becter, minmay_temple_entry_arrows,
          serial_bayou_lake_a, uniq_duvessa, uniq_crazy_yiuf_cottage

Notes
Turn   | Place    | Note
-------+----------+-------------------------------------------
     0 | D:1      | kae the Gargoyle Earth Elementalist began the quest for the
                  | Orb.
     0 | D:1      | Reached XP level 1. HP: 10/10 MP: 3/3
     0 | D:1      | magus.rc [v1.11.3]
   256 | D:1      | Reached skill level 4 in Earth Magic
   256 | D:1      | Reached XP level 2. HP: 15/15 MP: 1/5
  1209 | D:2      | Reached XP level 3. HP: 18/19 MP: 2/7
  1213 | D:2      | Learned a level 3 spell: Stone Arrow
  1216 | D:2      | Learned a level 2 spell: Passwall
  1430 | D:2      | Identified the +5 chain mail of the Sparrow {rF+++ Dex-2}
  1523 | D:2      | Found Ruroenot's Jewellery Shop.
  1965 | D:3      | Reached skill level 3 in Spellcasting
  1965 | D:3      | Reached skill level 1 in Conjurations
  1965 | D:3      | Reached XP level 4. HP: 17/24 MP: 4/8
  2310 | D:3      | Reached skill level 2 in Conjurations
  2403 | D:3      | Reached skill level 5 in Earth Magic
  2403 | D:3      | Reached XP level 5. HP: 28/28 MP: 6/9
  2941 | D:4      | Found a glowing golden altar of the Shining One.
  2956 | D:4      | Noticed Duvessa
  2956 | D:4      | Noticed Dowan
  2968 | D:4      | HP: 3/28 [Duvessa/+0 short sword (5)]
  2968 | D:4      | Slain by Dowan

Vanquished Creatures
  A hound (D:4)
  An orc wizard (D:3)
  3 gnolls (D:3)
  3 adders
  2 dart slugs
  4 orcs
  4 bats (D:1)
  3 endoplasms
  2 giant cockroaches
  2 goblins
  5 hobgoblins
  4 kobolds
  3 quokkas
  4 ball pythons (D:1)
  2 frilled lizards
  4 rats
47 creatures vanquished.

Table legend:
 A = Non-vault XP
 B = Vault XP
 C = Vault XP percentage of total XP
 D = Non-vault monster count
 E = Vault monster count
 F = Vault count percentage of total count
                 A         B        C        D         E       F
            +---------+---------+-------+---------+---------+-------
      Total |     229 |       3 |   1.3 |      45 |       2 |   4.3
            +---------+---------+-------+---------+---------+-------
        D:1 |      29 |       3 |   9.4 |      17 |       2 |  10.5
        D:2 |      39 |       0 |   0.0 |       9 |       0 |   0.0
        D:3 |     107 |       0 |   0.0 |      13 |       0 |   0.0
        D:4 |      54 |       0 |   0.0 |       6 |       0 |   0.0
            +---------+---------+-------+---------+---------+-------

Illustrated notes

Table legend:
 A = Kills in this place as a percentage of kills in entire the game.
 B = Kills by you in this place as a percentage of kills by you in the entire game.
 C = Kills by friends in this place as a percentage of kills by friends in the entire game.
 D = Other kills in this place as a percentage of other kills in the entire game.
 E = Experience gained in this place as a percentage of experience gained in the entire game.
 F = Experience gained in this place divided by the number of levels of this place that you have seen.
                   A       B       C       D       E      F
               +-------+-------+-------+-------+-------+----------------------
         Total | 100.0 | 100.0 |   N/A |   N/A | 100.0 |  58.0
       Dungeon | 100.0 | 100.0 |   N/A |   N/A | 100.0 |  58.0
               +-------+-------+-------+-------+-------+----------------------

Table legend: (Time is in decaauts)
 A = Elapsed time spent in this place.
 B = Non-inter-level travel time spent in this place.
 C = Inter-level travel time spent in this place.
 D = Time resting spent in this place.
 E = Time spent auto-exploring this place.
 F = Levels seen in this place.
 G = Mean time per level.
                   A        B        C        D        E       F      G
               +--------+--------+--------+--------+--------+-----+--------+
         Total |   3004 |   2932 |     72 |     65 |   2556 |   4 |  751.0 |
       Dungeon |   3004 |   2932 |     72 |     65 |   2556 |   4 |  751.0 |
               +--------+--------+--------+--------+--------+-----+--------+

Top non-repeatable levels by time:
     D:1: 1083 daAuts
     D:2: 978 daAuts
     D:3: 734 daAuts
     D:4: 208 daAuts
